AoeStats
← xcmpierrexcm

African Clearing

510597213Analyzed
2v2 RM · 20h ago on Oct 1, 2026· 57m 8s· 4 players
Game mode
Random Map
Map size
Medium (4 player)
Population
200
Speed
Normal
Resources
Standard
Victory
Conquest
Starting age
Dark Age
Ending age
Imperial Age
RankedLock teamsTeams togetherTeam positionsShared explorationLock speedFull tech treeHidden civsTurbo modeCheats
Victory
Defeat
🇫🇷 Magyars · France
1563
+20
🇧🇷 Slavs · Brazil
1489
+21
🇩🇪 Teutons · Germany
1808
-27
🇩🇪 Poles · Germany
1474
-14
xcmpierrexcm
3:15 Loom
11:29 Feudal Age
13:02 Double-Bit Axe
20:42 Castle Age
19:22 Fletching
20:38 Bloodlines
21:39 Bodkin Arrow
22:56 Padded Archer Armor
24:29 Town Watch
28:08 Wheelbarrow
32:37 Scale Barding Armor
33:01 Husbandry
40:31 Imperial Age
46:22 Bracer
GAX | Kareca
12:05 Feudal Age
12:36 Double-Bit Axe
12:41 Loom
12:42 Town Watch
16:38 Forging
22:01 Castle Age
20:27 Gold Mining
20:59 Bloodlines
21:40 Scale Barding Armor
23:52 Wheelbarrow
24:21 Bow Saw
34:28 Imperial Age
31:21 Pikeman
32:58 Scale Mail Armor
33:34 Iron Casting
33:00 Squires
33:41 Hand Cart
35:37 Chain Mail Armor
35:35 Halberdier
41:02 Druzhina
41:22 Conscription
41:08 Elite Boyar
44:48 Chain Barding Armor
45:30 Blast Furnace
47:49 Plate Mail Armor
48:43 Plate Barding Armor
48:51 Husbandry
51:47 Horse Collar
54:46 Two-Man Saw
53:47 Heavy Plow
57:24 Stone Mining
58:09 Gold Shaft Mining
58:06 Crop Rotation
[DDocs] Dr.Lehrstuhl
11:50 Feudal Age
10:45 Loom
13:21 Double-Bit Axe
14:47 Horse Collar
21:46 Castle Age
29:53 Scale Mail Armor
31:09 Heavy Plow
33:38 Forging
36:02 Arson
39:28 Imperial Age
37:59 Wheelbarrow
39:04 Szlachta Privileges
40:31 Scale Barding Armor
41:01 Bloodlines
40:12 Cavalier
41:28 Iron Casting
41:45 Chain Barding Armor
42:10 Fletching
42:35 Chain Mail Armor
45:17 Chemistry
44:14 Bodkin Arrow
50:10 Plate Mail Armor
54:04 Blast Furnace
[GER] Paeco
12:53 Feudal Age
12:05 Loom
17:04 Castle Age
15:57 Double-Bit Axe
17:46 Forging
21:25 Bow Saw
21:24 Horse Collar
24:20 Scale Barding Armor
30:44 Heavy Plow
30:35 Gold Mining
31:01 Bloodlines
31:46 Chain Barding Armor
34:06 Wheelbarrow
34:26 Iron Casting
39:47 Imperial Age
39:50 Cavalier
44:48 Plate Barding Armor
46:39 Blast Furnace
47:05 Hand Cart
54:05 Paladin
Connection lost

Rejoining the realm…

Still unreachable

The connection could not be restored.

Session expired

The server has moved on; the page needs a fresh start.